 Dungeon Crawl Stone Soup version 0.29.1-13-g9f3cf754e1 (webtiles) character file.

Game seed: 3044562293367732663

5575 devnull the Reanimator (level 10, -1/63 HPs)
             Began as a Demonspawn Necromancer on Jan 21, 2023.
             Was an Initiate of Yredelemnul.
             Slain by a yak (12 damage)
             ... on level 9 of the Dungeon on Jan 22, 2023.
             The game lasted 01:00:29 (14151 turns).

devnull the Reanimator (Demonspawn Necromancer)    Turns: 14151, Time: 01:00:29

Health: -1/63      AC: 12    Str:  8    XL:     10   Next: 44%
Magic:  6/19       EV: 10    Int: 26    God:    Yredelemnul [......]
Gold:   450        SH:  0    Dex: 15    Spells: 8/21 levels left

rFire   + . .      SeeInvis .   o - +3 spear (flame)
rCold   . . .      Faith    .   (no shield)
rNeg    . . .      Spirit   .   K - +0 ring mail {rPois}
rPois   +          Reflect  .   h - +0 helmet
rElec   .          Harm     .   s - +0 cloak
rCorr   .          Rampage  .   l - +0 pair of gloves
Will    .....                   H - +0 pair of boots
Stlth   +.........              (no amulet)
HPRegen 0.20/turn               m - +6 ring of intelligence
MPRegen 0.16/turn               v - ring of protection from fire

@: no status effects
A: yellow scales 2, powered by pain 2, weakness stinger 2
a: Renounce Religion, Recall Undead Harvest


You were on level 9 of the Dungeon.
You worshipped Yredelemnul.
Yredelemnul was noncommittal.
You visited 2 branches of the dungeon, and saw 10 of its levels.
You also visited: Sewer.

You collected 450 gold pieces.

Inventory:

Hand Weapons
 o - a +3 spear of flaming (weapon)
 E - a +0 glaive of protection
Missiles
 a - 5 poisoned darts
 q - a throwing net (quivered)
Armour
 g - a +0 robe of positive energy
 h - a +0 helmet (worn)
 l - a +0 pair of gloves (worn)
 s - a +0 cloak (worn)
 u - a scarf of resistance
 H - a +0 pair of boots (worn)
 K - a +0 ring mail of poison resistance (worn)
Jewellery
 d - a +6 ring of intelligence
 k - a ring of magical power
 m - a +6 ring of intelligence (left hand)
 v - a ring of protection from fire (right hand)
 y - a +6 ring of dexterity
 J - a ring of resist corrosion
Wands
 r - a wand of digging (4)
 B - a wand of mindburst (3)
Scrolls
 c - 2 scrolls of amnesia
 f - 6 scrolls of vulnerability
 i - a scroll of blinking {unknown}
 j - a scroll of identify
 p - a scroll of summoning
 x - a scroll of teleportation
 F - a scroll of torment
 G - a scroll of brand weapon {unknown}
Potions
 b - a potion of magic
 e - 3 potions of cancellation
 n - 2 potions of haste
 t - 3 potions of degeneration
 w - 3 potions of might {unknown}
 z - a potion of resistance {unknown}
 A - 2 potions of flight
 C - a potion of mutation {unknown}
 I - a potion of attraction {unknown}


   Skills:
 - Level 1.7 Dodging
 - Level 1.7 Stealth
 - Level 6.0 Spellcasting
 + Level 14.4 Necromancy
 - Level 5.0 Invocations
 - Level 5.0 Evocations


You had 8 spell levels left.
You knew the following spells:

 Your Spells              Type           Power      Damage    Failure   Level
a - Necrotise             Necr           100%       1d9       1%          1
b - Vampiric Draining     Necr           70%        2d11      1%          3
c - Animate Dead          Necr           70%        N/A       1%          4
d - Agony                 Necr           70%        N/A       1%          5

Your spell library contained the following spells:

 Spells                   Type           Power      Damage    Failure   Level
 Apportation              Tloc           14%        N/A       22%         1
 Magic Dart               Conj           28%        1d4       22%         1
 Shock                    Conj/Air       28%        1d4       22%         1
 Borgnjor's Vile Clutch   Necr/Erth      22%        N/A       30%         5
 Call Imp                 Summ           7%         N/A       32%         2
 Dazzling Flash           Conj/Hex       14%        N/A       54%         3
 Mephitic Cloud           Conj/Pois/Air  7%         N/A       54%         3
 Swiftness                Air            7%         N/A       54%         3
 Airstrike                Air            3%         2d(1-17)  91%         4
 Fulminant Prism          Conj/Hex       3%         3d6       91%         4
 Alistair's Intoxication  Tmut/Pois      4%         N/A       99%         5
 Eringya's Noxious Bog    Tmut/Pois      3%         N/A       100%        6
 Lehudib's Crystal Spear  Conj/Erth      3%         10d3      100%        8


Dungeon Overview and Level Annotations

Branches:
Dungeon (9/15)             Temple (1/1) D:4           Sewer (visited)
   Lair: D:8-11         Orc: D:9-12

Altars:
Ashenzari
Cheibriados
Dithmenos
Fedhas
Gozag
Hepliaklqana
Makhleb
Nemelex Xobeh
Okawaru
Qazlal
Ru
Sif Muna
Trog
Vehumet
Xom
Yredelemnul
Jiyva

Shops:
D:3 *

Annotations:
D:7 1 runed translucent door, Crazy Yiuf
D:8 3 runed translucent doors, Dvallin's ghost, novice NaMo
D:9 Erica


Innate Abilities, Weirdness & Mutations

You are mostly covered in yellow scales. (AC +3)
You sometimes gain power by taking damage.
You have a tail ending in a sharp stinger.


Message History

Aim: a yak (lightly wounded, ally target, about 26% to evade your +3 spear of flaming)
You could not reach far enough!
The yak gores your wyvern zombie!
Your wyvern zombie is destroyed!
Unknown command.
Reach: o) +3 spear (flame)
Press: ? - help, Dir - move target, f/p - yak
Aim: a yak (lightly wounded, about 26% to evade your +3 spear of flaming)
You reach to attack!
You puncture the yak! You burn the yak.
The yak is moderately wounded.
Casting: Vampiric Draining (safe; 1% risk of failure)
Confirm with . or Enter, or press ? or * to list all spells.
Aiming: Vampiric Draining (safe; 1% risk of failure)
Press: ? - help, Shift-Dir - straight line, f/p - yak
Aim: a yak (moderately wounded)
You draw life force from the yak.
You feel life coursing into your body. The yak gores you but does no damage.
Casting: Vampiric Draining (safe; 1% risk of failure)
Confirm with . or Enter, or press ? or * to list all spells.
You don't have enough magic to cast this spell.
Unknown command.
The yak attacks as you move away! The yak gores you but does no damage.
The yak attacks as you move away! The yak gores you!
You see here a +0 cloak.
The yak attacks as you move away! The yak gores you but does no damage.
The yak attacks as you move away! The yak gores you.
Erica appears from thin air!
Reactivating autopickup.
You feel a little less mighty now. The yak attacks as you move away!
The yak gores you!
* * * LOW HITPOINT WARNING * * *
The yak attacks as you move away! The yak completely misses you.
A water moccasin comes into view.
The water moccasin hisses angrily.
The water moccasin bites you but does no damage.
The yak attacks as you move away! The yak closely misses you.
The water moccasin bites you.
* * * LOW HITPOINT WARNING * * *
The yak attacks as you move away! The yak gores you!
You die...
Your body rises from the dead as a mindless zombie.

#.# #......... #.#
#......... #@#
#.)....... #Y#
#<<....... #.#
#......... #.#
#.........
#.#########.........
#.........S........[
#....@Y.YY@.........
####################


You could see Erica, 3 yaks and a water moccasin.

Vanquished Creatures
  Pikel (D:6)
  Joseph (D:8)
  Sigmund (D:6)
  7 yaks
  2 wyverns
  A steam dragon (D:7)
  A water moccasin (D:9)
  An orc warrior (D:8)
  A black bear (D:5)
  2 ogres
  3 sky beasts
  2 centaurs
  A phantom (D:5)
  Blork the orc (D:5)
  2 bullfrogs
  2 kobold brigands (D:8)
  3 scorpions
  9 wights
  2 howler monkeys
  A jelly (D:8)
  3 orc priests
  A hound (D:7)
  A gnoll bouda (D:4)
  Ijyb (D:5)
  3 iguanas
  5 orc wizards
  7 gnolls
  11 adders
  A river rat (Sewer)
  2 shadow imps
  2 white imps
  2 ufetubi
  7 worms
  A dart slug (D:3)
  18 orcs
  8 ball pythons
  12 endoplasms
  4 giant cockroaches
  9 goblins
  6 hobgoblins
  4 jackals (D:1)
  2 quokkas
  4 bats
  3 frilled lizards
  21 kobolds
  7 rats
189 creatures vanquished.

Vanquished Creatures (collateral kills)
  A yak (D:9)
  An orc warrior (D:7)
  A scorpion (D:5)
  2 wights (D:7)
  A hound (D:5)
  A gnoll (D:3)
  A dart slug (D:2)
  4 orcs
  A giant cockroach (D:2)
  2 goblins (D:8)
  2 hobgoblins (D:8)
  3 kobolds
  A rat (Sewer)
21 creatures vanquished.

Vanquished Creatures (others)
  A wyvern zombie (D:9)
  3 yak zombies (D:9)
  2 bullfrog zombies
  A centaur zombie (D:7)
  An ogre zombie (D:7)
  A kobold zombie (D:8)
  A hound zombie (D:5)
  A howler monkey zombie (D:8)
  11 orc zombies
  A spectral ufetubus (D:5)
  2 fungi (D:9)
  3 plants (D:9)
28 creatures vanquished.

Grand Total: 238 creatures vanquished

Notes
Turn   | Place    | Note
-------+----------+-------------------------------------------
     0 | D:1      | devnull the Demonspawn Necromancer began the quest for the
                  | Orb.
     0 | D:1      | Reached XP level 1. HP: 13/13 MP: 3/3
   105 | D:1      | Found a faded altar of an unknown god.
   365 | D:1      | Gained mutation: You sometimes gain a little power by
                  | taking damage. [demonic ancestry]
   365 | D:1      | Reached XP level 2. HP: 15/19 MP: 0/5
   474 | D:1      | Reached skill level 5 in Necromancy
  1188 | D:1      | Reached XP level 3. HP: 24/24 MP: 3/6
  1754 | D:2      | Reached skill level 6 in Necromancy
  1982 | D:2      | Gained mutation: You sometimes gain power by taking damage.
                  | [demonic ancestry]
  1982 | D:2      | Reached XP level 4. HP: 30/30 MP: 3/7
  3341 | D:3      | Found a glowing drain.
  3358 | Sewer    | Entered a sewer
  3394 | Sewer    | Gained mutation: You have a small tail. [demonic ancestry]
  3394 | Sewer    | Reached XP level 5. HP: 33/35 MP: 4/9
  4598 | D:3      | Got Jaun Liarui's Vellum of Conflict
  4869 | D:3      | Found Bessa's Assorted Antiques.
  5078 | D:3      | Learned a level 3 spell: Vampiric Draining
  5083 | D:3      | Learned a level 4 spell: Animate Dead
  5122 | D:3      | Gained mutation: You are partially covered in yellow
                  | scales. (AC +2) [demonic ancestry]
  5122 | D:3      | Reached XP level 6. HP: 29/41 MP: 8/12
  5648 | D:4      | You fall into a shaft and drop 3 floors!
  5715 | D:7      | Noticed a sky beast
  5849 | D:6      | Noticed Sigmund
  5868 | D:6      | Killed Sigmund
  5869 | D:6      | Reached skill level 5 in Spellcasting
  5869 | D:6      | Gained mutation: You are mostly covered in yellow scales.
                  | (AC +3) [demonic ancestry]
  5869 | D:6      | Reached XP level 7. HP: 46/46 MP: 1/15
  6203 | D:5      | Entered Level 5 of the Dungeon
  6203 | D:5      | Noticed Blork the orc
  6211 | D:5      | Killed Blork the orc
  6258 | D:5      | Reached skill level 7 in Necromancy
  6332 | D:4      | Identified the +1 robe "Noiwkaot" {Harm Rampage *Slow
                  | Int-3}
  6524 | D:4      | Found a staircase to the Ecumenical Temple.
  6537 | Temple   | Entered the Ecumenical Temple
  6554 | Temple   | Became a worshipper of Yredelemnul the Dark
  6673 | D:4      | Found Dunedgh's Desiderata Depot.
  7258 | D:5      | Reached skill level 8 in Necromancy
  7312 | D:5      | Noticed Ijyb
  7515 | D:5      | Reached XP level 8. HP: 36/52 MP: 13/17
  7751 | D:5      | Reached * piety under Yredelemnul
  7756 | D:5      | Reached skill level 9 in Necromancy
  8057 | D:5      | Killed Ijyb
  9089 | D:6      | Learned a level 5 spell: Agony
  9228 | D:6      | Reached skill level 10 in Necromancy
  9565 | D:6      | Noticed Pikel
  9574 | D:6      | Killed Pikel
  9575 | D:6      | Reached skill level 5 in Invocations
  9575 | D:6      | Reached XP level 9. HP: 52/57 MP: 1/18
 10623 | D:7      | Reached skill level 5 in Evocations
 10652 | D:7      | Reached ** piety under Yredelemnul
 11080 | D:7      | Found a runed translucent door.
 11081 | D:7      | Noticed Crazy Yiuf
 11505 | D:7      | Reached skill level 11 in Necromancy
 11892 | D:8      | Noticed Joseph
 12153 | D:7      | Reached skill level 12 in Necromancy
 12711 | D:8      | Killed Joseph
 13055 | D:8      | Gained mutation: You have a tail ending in a sharp stinger.
                  | [demonic ancestry]
 13055 | D:8      | Reached XP level 10. HP: 58/63 MP: 1/19
 13179 | D:8      | Found a runed translucent gate.
 13184 | D:8      | Noticed Dvallin's ghost (novice NaMo)
 13185 | D:8      | Found a runed translucent gate.
 13185 | D:8      | Found a runed translucent gate.
 13187 | D:8      | Found a viscous altar of Jiyva.
 13209 | D:8      | Reached skill level 13 in Necromancy
 13393 | D:8      | Found a burning altar of Makhleb.
 13634 | D:8      | Reached *** piety under Yredelemnul
 14081 | D:9      | Noticed Erica
 14083 | D:9      | Reached skill level 14 in Necromancy
 14151 | D:9      | Slain by a yak

Illustrated notes

Levels and vault maps discovered:
D:1:      wander_arrival_desolate, layout_rooms,
          shapermc_ecumenical_altar_ellora
D:2:      layout_loops_corners, grunt_ministairs_2
D:3:      kennysheep_big_flooded_room, layout_loops_ring, serial_shops,
          shop_fountains, lightli_sewer_entry_pipes
D:4:      layout_gridville, minmay_temple_entry_drinking_statues,
          hangedman_decor_peaks_small, chequers_mini_garden,
          nicolae_alphabet_shops
D:5:      layout_gridville, amcnicky_mini_pool_small, uniq_ijyb,
          uniq_blork_the_orc
D:6:      layout_loops_corners, uniq_sigmund, uniq_pikel
D:7:      layout_basic, uniq_crazy_yiuf_cottage
D:8:      layout_basic, kennysheep_little_box, enter_bailey_4,
          gammafunk_ghost_ooze, uniq_joseph
D:9:      layout_long_grid, mainiacjoe_overflow_tiny_flanked,
          minmay_lair_entry_grove, uniq_erica
Temple:   sentei_temple_godly_chess

Skill      XL: |  1  2  3  4  5  6  7  8  9 10 |
---------------+-------------------------------+-----
Necromancy     | 5 6 8 10 12 14 | 14.4
Spellcasting   | 4 5 6 |  6.0
Invocations    | 5 |  5.0
Evocations     | 3 5 |  5.0
Dodging        | |  1.7
Stealth        | |  1.7

Action                   |  1- 3 |  4- 6 |  7- 9 | 10-12 || total
-------------------------+-------+-------+-------+-------++-------
Melee: Whip              |    59 |    69 |    10 |       ||   138
       Tailslap          |       |     5 |    34 |     6 ||    45
       Spear             |       |    24 |   287 |    65 ||   376
       Punch             |       |       |     5 |     2 ||     7
Throw: Stone             |       |     7 |       |       ||     7
       Dart              |       |     3 |     1 |       ||     4
       Throwing net      |       |     1 |       |       ||     1
 Cast: Necrotise         |    47 |   109 |    14 |       ||   170
       Vampiric Draining |       |     9 |    81 |    25 ||   115
       Agony             |       |       |     2 |       ||     2
Invok: Recall Undead Har |       |       |     4 |     1 ||     5
Evoke: Wand              |       |       |     1 |       ||     1
  Use: Scroll            |       |    10 |     7 |       ||    17
       Potion            |       |     5 |    13 |       ||    18
 Stab: Sleeping          |     1 |     1 |     2 |       ||     4
       Distracted        |       |       |       |     1 ||     1
Armor: Robe              |     4 |       |    67 |       ||    71
       Ring mail         |    23 |    55 |    78 |    24 ||   180
       Leather armour    |       |       |     9 |       ||     9
Dodge: Dodged            |    48 |    53 |   193 |    30 ||   324
